IL
SYRACUSE CHIEFS @ COLUMBUS CLIPPERS
08/11/2098
 
TOP OF THE 1ST
Syracuse Chiefs batting - Pitching for Columbus Clippers : RHP Doug Mehling
Pitching: RHP Doug Mehling
Batting: RHB Jared White 0-0: Ball
1-0: Ball
2-0: Fly out, F6 (Line Drive, 6D, EV 70.6 MPH)
Batting: SHB Randy Marsh 0-0: Called Strike
0-1: Ball
1-1: Called Strike
1-2: Ground out 4-3 (Groundball, 4, EV 99.4 MPH)
Batting: RHB Ryan Carey 0-0: Ball
1-0: Called Strike
1-1: Ground out 5-3 (Groundball, 56, EV 91.9 MPH)
Top of the 1st over - 0 runs, 0 hits, 0 errors, 0 left on base; Syracuse 0 - Columbus 0
BOTTOM OF THE 1ST
Columbus Clippers batting - Pitching for Syracuse Chiefs : RHP Edwin Figueroa
Pitching: RHP Edwin Figueroa
Batting: RHB John Walko 0-0: Called Strike
0-1: Foul Ball, location: 5FF
0-2: Foul Ball, location: 2F
0-2: Strikes out swinging
Batting: RHB Alex Avelar 0-0: Ball
1-0: Ball
2-0: Foul Ball, location: 9LMF
2-1: Fly out, F8 (Flyball, 8RD, EV 98.8 MPH)
Batting: LHB Zachary Moody 0-0: Ball
1-0: Ball
2-0: Fly out, F7 (Flyball, 78M, EV 92.5 MPH)
Bottom of the 1st over - 0 runs, 0 hits, 0 errors, 0 left on base; Syracuse 0 - Columbus 0
TOP OF THE 2ND
Syracuse Chiefs batting - Pitching for Columbus Clippers : RHP Doug Mehling
Batting: LHB Jesus Medrano 0-0: Foul Ball, location: 2F
0-1: Swinging Strike
0-2: Ball
1-2: Ball
2-2: Ball
3-2: Strikes out swinging
Batting: RHB Pat Esker 0-0: Ball
1-0: SINGLE (Groundball, 4MD, EV 105.6 MPH)
Batting: RHB Steve Miles 0-0: Ball
1-0: Foul Ball, location: 2F
1-1: Called Strike
1-2: Fielders Choice at 2nd, 1-6 (Groundball, 13, EV 66.9 MPH)
Batting: RHB Brandon Blankenship 0-0: Swinging Strike
0-1: Ball
1-1: SINGLE (Line Drive, 7S, EV 108.8 MPH)
Steve Miles to second
Batting: RHB Faical Giraldes 0-0: Ball
1-0: Foul Ball, location: 2F
1-1: Ball
2-1: Fielders Choice at 2nd, 6-4 (Groundball, 6, EV 85.0 MPH)
Top of the 2nd over - 0 runs, 2 hits, 0 errors, 2 left on base; Syracuse 0 - Columbus 0
BOTTOM OF THE 2ND
Columbus Clippers batting - Pitching for Syracuse Chiefs : RHP Edwin Figueroa
Batting: LHB Ruben Ortiz 0-0: Called Strike
0-1: Foul Ball, location: 2LF
0-2: Strikes out swinging
Batting: RHB Bill Meller 0-0: Called Strike
0-1: Foul Ball, location: 2F
0-2: Ball
1-2: Strikes out swinging
Batting: LHB Victor Zavala 0-0: Called Strike
0-1: Ball
1-1: Ball
2-1: Ball
3-1: Foul Ball, location: 2F
3-2: Base on Balls
Batting: RHB Chris Hubert 0-0: Called Strike
0-1: Ball
1-1: Fly out, F8 (Flyball, 8LM, EV 80.6 MPH)
Bottom of the 2nd over - 0 runs, 0 hits, 0 errors, 1 left on base; Syracuse 0 - Columbus 0
TOP OF THE 3RD
Syracuse Chiefs batting - Pitching for Columbus Clippers : RHP Doug Mehling
Batting: RHB Jim Unknown 0-0: Ball
1-0: Called Strike
1-1: SINGLE (Flyball, 4MD, EV 90.6 MPH)
Batting: RHB Jared White 0-0: Ball
1-0: Bunted foul
1-1: Ball
2-1: Bunted foul
2-2: Ball
3-2: Fielders Choice at 2nd, 3-6 (Groundball, 3, EV 85.6 MPH)
Batting: SHB Randy Marsh 0-0: Fly out, F9 (Line Drive, 9, EV 93.8 MPH)
Batting: RHB Ryan Carey 0-0: Fly out, F8 (Flyball, 8LM, EV 95.6 MPH)
Top of the 3rd over - 0 runs, 1 hit, 0 errors, 1 left on base; Syracuse 0 - Columbus 0
BOTTOM OF THE 3RD
Columbus Clippers batting - Pitching for Syracuse Chiefs : RHP Edwin Figueroa
Batting: RHB Tyler O'Brien 0-0: Ball
1-0: Bunted foul
1-1: Called Strike
1-2: Ball
2-2: Ball
3-2: Foul Ball, location: 2F
3-2: Fly out, F8 (Line Drive, 8LD, EV 93.1 MPH)
Batting: RHB Trevor Vallee 0-0: Foul Ball, location: 7LMF
0-1: Ball
1-1: Swinging Strike
1-2: Ball
2-2: Ball
3-2: Base on Balls
Batting: RHB John Walko 0-0: Ball
Wild Pitch!
Trevor Vallee to second
1-0: Fly out, F7 (Flyball, 7, EV 93.8 MPH)
Batting: RHB Alex Avelar 0-0: Ball
1-0: Called Strike
1-1: Ball
2-1: Called Strike
2-2: Ball
3-2: Base on Balls
Batting: LHB Zachary Moody 0-0: Ball
1-0: Ball
2-0: Fly out, F6 (Popup, 6, EV 75.6 MPH)
Bottom of the 3rd over - 0 runs, 0 hits, 0 errors, 2 left on base; Syracuse 0 - Columbus 0
TOP OF THE 4TH
Syracuse Chiefs batting - Pitching for Columbus Clippers : RHP Doug Mehling
Batting: LHB Jesus Medrano 0-0: Called Strike
0-1: Swinging Strike
0-2: Ball
1-2: Strikes out swinging
Batting: RHB Pat Esker 0-0: Called Strike
0-1: Swinging Strike
0-2: Ball
1-2: Foul Ball, location: 2F
1-2: Ball
2-2: Foul Ball, location: 5SF
2-2: DOUBLE (Line Drive, 5D, EV 96.3 MPH)
Batting: RHB Steve Miles 0-0: Swinging Strike
0-1: Ball
1-1: Ball
2-1: Swinging Strike
2-2: Strikes out swinging
Batting: RHB Brandon Blankenship 0-0: Ball
1-0: Foul Ball, location: 2F
1-1: Ball
2-1: Foul Ball, location: 5DF
2-2: Strikes out swinging
Top of the 4th over - 0 runs, 1 hit, 0 errors, 1 left on base; Syracuse 0 - Columbus 0
BOTTOM OF THE 4TH
Columbus Clippers batting - Pitching for Syracuse Chiefs : RHP Edwin Figueroa
Batting: LHB Ruben Ortiz 0-0: Ball
1-0: Ball
2-0: Ball
3-0: Base on Balls
Batting: RHB Bill Meller 0-0: Foul Ball, location: 23F
0-1: Ball
1-1: SINGLE (Groundball, 6MS, EV 71.9 MPH) (infield hit)
Ruben Ortiz to second
Batting: LHB Victor Zavala 0-0: Foul Ball, location: 2F
0-1: Ball
1-1: Swinging Strike
1-2: SINGLE (Flyball, 9LS, EV 89.4 MPH)
Ruben Ortiz to third
Bill Meller to second
Batting: RHB Chris Hubert 0-0: Foul Ball, location: 23FF
0-1: Foul Ball, location: 3SF
0-2: Fielders Choice at 2nd, 6-4 (Groundball, 6, EV 83.1 MPH)
Ruben Ortiz scores
Bill Meller to third
Batting: RHB Tyler O'Brien 0-0: Ball
Chris Hubert steals 2nd base
1-0: Ball
2-0: Called Strike
2-1: Foul Ball, location: 2F
2-2: Strikes out swinging
Batting: RHB Trevor Vallee 0-0: Ball
1-0: Called Strike
1-1: Foul Ball, location: 3FF
1-2: Ball
2-2: Ball
3-2: Base on Balls
Batting: RHB John Walko 0-0: Fly out, F6 (Line Drive, 6, EV 68.1 MPH)
Bottom of the 4th over - 1 run, 2 hits, 0 errors, 3 left on base; Syracuse 0 - Columbus 1
TOP OF THE 5TH
Syracuse Chiefs batting - Pitching for Columbus Clippers : RHP Doug Mehling
Batting: RHB Faical Giraldes 0-0: Foul Ball, location: 5F
0-1: Swinging Strike
0-2: Strikes out looking
Batting: RHB Jim Unknown 0-0: Called Strike
0-1: Ball
1-1: Ball
2-1: Called Strike
2-2: Ball
3-2: Strikes out looking
Batting: RHB Jared White 0-0: Called Strike
0-1: Called Strike
0-2: Ball
1-2: Ball
2-2: Foul Ball, location: 9LMF
2-2: Foul Ball, location: 9LSF
2-2: Ball
3-2: Ground out 4-3 (Groundball, 34, EV 86.9 MPH)
Top of the 5th over - 0 runs, 0 hits, 0 errors, 0 left on base; Syracuse 0 - Columbus 1
BOTTOM OF THE 5TH
Columbus Clippers batting - Pitching for Syracuse Chiefs : RHP Edwin Figueroa
Batting: RHB Alex Avelar 0-0: Called Strike
0-1: Ball
1-1: Called Strike
1-2: Ball
2-2: Ground out 6-3 (Groundball, 6, EV 77.5 MPH)
Batting: LHB Zachary Moody 0-0: Ball
1-0: Fly out, F9 (Flyball, 89M, EV 95.6 MPH)
Batting: LHB Ruben Ortiz 0-0: Ball
1-0: Fly out, F4 (Popup, 4, EV 51.3 MPH)
Bottom of the 5th over - 0 runs, 0 hits, 0 errors, 0 left on base; Syracuse 0 - Columbus 1
TOP OF THE 6TH
Syracuse Chiefs batting - Pitching for Columbus Clippers : RHP Doug Mehling
Batting: SHB Randy Marsh 0-0: SINGLE (Groundball, 56, EV 101.9 MPH)
Batting: RHB Ryan Carey 0-0: Swinging Strike
0-1: Ball
1-1: Ball
2-1: Called Strike
2-2: Foul Ball, location: 23F
2-2: 2-RUN HOME RUN (Flyball, 8LXD, EV 111.9 MPH), Distance : 462 ft
Batting: LHB Jesus Medrano 0-0: Ball
1-0: Ball
2-0: Ball
3-0: Called Strike
3-1: Base on Balls
Batting: RHB Pat Esker 0-0: Ball
1-0: Foul Ball, location: 2F
1-1: Swinging Strike
1-2: Foul Ball, location: 9LSF
1-2: Strikes out swinging
Batting: RHB Steve Miles 0-0: Called Strike
0-1: Ball
1-1: Called Strike
1-2: Ball
2-2: Fly out, F3 (Popup, 3S, EV 77.5 MPH)
Batting: RHB Brandon Blankenship 0-0: Ball
1-0: Ball
2-0: SINGLE (Line Drive, 8RS, EV 105.0 MPH)
Jesus Medrano to second
Batting: RHB Faical Giraldes 0-0: Called Strike
0-1: Foul Ball, location: 2F
0-2: Foul Ball, location: 3F
0-2: Fly out, F4 (Popup, 23, EV 80.0 MPH)
Top of the 6th over - 2 runs, 3 hits, 0 errors, 2 left on base; Syracuse 2 - Columbus 1
BOTTOM OF THE 6TH
Columbus Clippers batting - Pitching for Syracuse Chiefs : RHP Edwin Figueroa
Batting: RHB Bill Meller 0-0: Ball
1-0: Foul Ball, location: 5FF
1-1: Ball
2-1: SOLO HOME RUN (Flyball, 7D, EV 102.5 MPH), Distance : 380 ft
Batting: LHB Victor Zavala 0-0: Foul Ball, location: 7LDF
0-1: Ball
1-1: Ball
2-1: Ball
3-1: Foul Ball, location: 2F
3-2: Base on Balls
Batting: RHB Chris Hubert 0-0: Ball
1-0: DOUBLE (Line Drive, 9LS, EV 103.8 MPH)
Victor Zavala to third
Batting: RHB Tyler O'Brien 0-0: Swinging Strike
0-1: Ball
1-1: Swinging Strike
1-2: Ball
2-2: Hit by Pitch
Batting: RHB Trevor Vallee 0-0: Ball
1-0: Ball
2-0: Foul Ball, location: 9LSF
2-1: Ball
3-1: Foul Ball, location: 9LMF
3-2: Fly out, F9 (Flyball, 89M, EV 85.6 MPH)
Runner from 3rd tags up, OUT at HOME! 9-2
Chris Hubert to third
Tyler O'Brien to second
Pitching: RHP Pedro Munoz
Batting: RHB John Walko 0-0: Called Strike
0-1: Foul Ball, location: 9LDF
0-2: Foul Ball, location: 2F
0-2: Strikes out swinging
Bottom of the 6th over - 1 run, 2 hits, 0 errors, 2 left on base; Syracuse 2 - Columbus 2
TOP OF THE 7TH
Syracuse Chiefs batting - Pitching for Columbus Clippers : RHP Doug Mehling
Batting: RHB Jim Unknown 0-0: Ball
1-0: Ball
2-0: Called Strike
2-1: Ball
3-1: Foul Ball, location: 7LMF
3-2: Fly out, F4 (Popup, 4S, EV 81.3 MPH)
Batting: RHB Jared White 0-0: Ball
1-0: Ball
2-0: Ball
3-0: Called Strike
3-1: Fly out, F8 (Line Drive, 89M, EV 105.6 MPH)
Batting: SHB Randy Marsh 0-0: Ground out 1-3 (Groundball, P, EV 76.3 MPH)
Top of the 7th over - 0 runs, 0 hits, 0 errors, 0 left on base; Syracuse 2 - Columbus 2
BOTTOM OF THE 7TH
Columbus Clippers batting - Pitching for Syracuse Chiefs : RHP Pedro Munoz
Batting: RHB Alex Avelar 0-0: Called Strike
0-1: Ground out 5-3 (Groundball, 5, EV 82.5 MPH)
Batting: LHB Zachary Moody 0-0: Called Strike
0-1: Foul Ball, location: 23F
0-2: Ball
1-2: Strikes out swinging
Batting: LHB Ruben Ortiz 0-0: Called Strike
0-1: Swinging Strike
0-2: Strikes out looking
Bottom of the 7th over - 0 runs, 0 hits, 0 errors, 0 left on base; Syracuse 2 - Columbus 2
TOP OF THE 8TH
Syracuse Chiefs batting - Pitching for Columbus Clippers : RHP Doug Mehling
Pitching: LHP Joe Rutter
Batting: RHB Ryan Carey 0-0: Called Strike
0-1: SINGLE (Line Drive, 8RS, EV 101.9 MPH)
Batting: RHB Omar Flores 0-0: Ball
1-0: Foul Ball, location: 9LSF
1-1: Fly out, F7 (Flyball, 7, EV 86.9 MPH)
Batting: RHB Pat Esker 0-0: Ball
1-0: Fly out, F8 (Flyball, 8LXD, EV 111.9 MPH)
Batting: RHB Steve Miles 0-0: Ball
1-0: Foul Ball, location: 2F
1-1: Ball
2-1: Foul Ball, location: 2F
2-2: Strikes out swinging
Top of the 8th over - 0 runs, 1 hit, 0 errors, 1 left on base; Syracuse 2 - Columbus 2
BOTTOM OF THE 8TH
Columbus Clippers batting - Pitching for Syracuse Chiefs : RHP Pedro Munoz
Pitching: RHP Johnny Reed
Batting: RHB Bill Meller 0-0: Called Strike
0-1: Called Strike
0-2: Strikes out looking
Batting: LHB Victor Zavala 0-0: Ball
1-0: Swinging Strike
1-1: Ball
2-1: Ball
3-1: Base on Balls
Batting: RHB Chris Hubert 0-0: Called Strike
0-1: Ball
1-1: Swinging Strike
1-2: Strikes out looking
Pinch Hitting: LHB Steve Hans 0-0: Swinging Strike
0-1: Called Strike
0-2: Strikes out swinging
Bottom of the 8th over - 0 runs, 0 hits, 0 errors, 1 left on base; Syracuse 2 - Columbus 2
TOP OF THE 9TH
Syracuse Chiefs batting - Pitching for Columbus Clippers : LHP Joe Rutter
Now at 2B: Steve Hans
Batting: RHB Brandon Blankenship 0-0: Ball
1-0: Swinging Strike
1-1: Foul Ball, location: 9LMF
1-2: Strikes out swinging
Batting: RHB Faical Giraldes 0-0: Ball
1-0: Ground out U3 (Groundball, 3S, EV 86.3 MPH)
Batting: RHB Jim Unknown 0-0: Swinging Strike
0-1: Ball
1-1: Foul Ball, location: 2F
1-2: Strikes out swinging
Top of the 9th over - 0 runs, 0 hits, 0 errors, 0 left on base; Syracuse 2 - Columbus 2
BOTTOM OF THE 9TH
Columbus Clippers batting - Pitching for Syracuse Chiefs : RHP Johnny Reed
Pinch Hitting: LHB Micah Cannon 0-0: Ball
1-0: Foul Ball, location: 7LDF
1-1: Fly out, F8 (Flyball, 8LD, EV 106.3 MPH)
Batting: RHB John Walko 0-0: Called Strike
0-1: Swinging Strike
0-2: Ball
1-2: Ball
2-2: Foul Ball, location: 9LMF
2-2: Strikes out swinging
Batting: RHB Alex Avelar 0-0: Foul Ball, location: 5FF
0-1: Called Strike
0-2: Ball
1-2: Ball
2-2: Strikes out swinging
Bottom of the 9th over - 0 runs, 0 hits, 0 errors, 0 left on base; Syracuse 2 - Columbus 2
TOP OF THE 10TH
Syracuse Chiefs batting - Pitching for Columbus Clippers : LHP Joe Rutter
Jim Unknown starts the inning at 2nd base.
Now at C: Chaz Grattan
Batting: RHB Jared White 0-0: Called Strike
0-1: Swinging Strike
0-2: Foul Ball, location: 3F
0-2: Strikes out looking
Batting: SHB Randy Marsh 0-0: Ball
1-0: Called Strike
1-1: Ball
2-1: Ground out 1-3 (Groundball, 15S, EV 69.4 MPH)
Batting: RHB Ryan Carey 0-0: Intentional Walk
Batting: RHB Omar Flores 0-0: Foul Ball, location: 2F
0-1: Foul Ball, location: 2F
0-2: Ball
1-2: Ball
2-2: SINGLE (Line Drive, 78S, EV 91.3 MPH)
Jim Unknown to third
Ryan Carey to second
Runner from 3rd tries for Home, SAFE, throw by CF to home
Batting: RHB Pat Esker 0-0: Called Strike
0-1: Ball
1-1: Swinging Strike
1-2: Fielders Choice at 2nd, 6-4 (Groundball, 56, EV 88.8 MPH)
Top of the 10th over - 1 run, 1 hit, 0 errors, 2 left on base; Syracuse 3 - Columbus 2
BOTTOM OF THE 10TH
Columbus Clippers batting - Pitching for Syracuse Chiefs : RHP Johnny Reed
Alex Avelar starts the inning at 2nd base.
Batting: LHB Zachary Moody 0-0: Swinging Strike
0-1: Foul Ball, location: 23F
0-2: Ball
1-2: Ball
2-2: Strikes out swinging
Batting: LHB Ruben Ortiz 0-0: Foul Ball, location: 9LMF
0-1: Swinging Strike
0-2: Ball
1-2: Foul Ball, location: 7LDF
1-2: Foul Ball, location: 5F
1-2: Strikes out swinging
Batting: RHB Bill Meller 0-0: Called Strike
0-1: Foul Ball, location: 2F
0-2: Ball
1-2: Ground out 6-3 (Groundball, 6, EV 93.1 MPH)
Bottom of the 10th over - 0 runs, 0 hits, 0 errors, 1 left on base; Syracuse 3 - Columbus 2
Friday, April 12th , 2024 - OOTP Baseball 24.11 Build 85